 Dungeon Sprint DCSS version 0.29.1-12-g30fa7ad0bf (webtiles) character file.

Game seed: 13403485727209789036

427 112233 the Fighter (level 6, -3/57 HPs)
             Began as a Demonspawn Fighter on Dec 25, 2022.
             Was an Initiate of Makhleb.
             Slain by a troll (13 damage)
             ... in the Dungeon (Sprint IX: "|||||||||||||||||||||||||||||").
             The game lasted 00:01:23 (383 turns).

112233 the Fighter (Demonspawn Fighter)              Turns: 383, Time: 00:01:24

Health: -3/57      AC: 10    Str: 16    XL:     6   Next: 65%
Magic:  6/6        EV:  9    Int: 10    God:    Makhleb [......]
Gold:   0          SH:  4    Dex: 14    Spells: 5/5 levels left

rFire   . . .      SeeInvis .   a - +0 long sword
rCold   . . .      Faith    .   c - +0 buckler
rNeg    . . .      Spirit   .   o - +1 scale mail
rPois   .          Reflect  .   (no helmet)
rElec   .          Harm     .   (no cloak)
rCorr   .          Rampage  .   (no gloves)
Will    .....      NoTele   +   n - +0 pair of boots
Stlth   ..........              (no amulet)
HPRegen 0.19/turn               (no ring)
MPRegen 0.10/turn               (no ring)

@: mighty
A: claws 1
a: Renounce Religion


You were in the Dungeon.
You worshipped Makhleb.
Makhleb was noncommittal.
You visited 1 branch

Inventory:

Hand Weapons
 a - a +0 long sword (weapon)
 i - a +0 giant club
Armour
 b - a +0 scale mail
 c - a +0 buckler (worn)
 n - a +0 pair of boots (worn)
 o - a +1 scale mail (worn)
Jewellery
 p - a +3 ring of dexterity
 q - a +2 ring of protection
Wands
 m - a wand of light (10)
Scrolls
 j - 2 scrolls of blinking
 l - 2 scrolls of amnesia
Potions
 e - 5 potions of curing
 f - 3 potions of heal wounds
 g - a potion of haste
 h - 4 potions of magic
 k - a potion of invisibility


   Skills:
 + Level 8.9 Fighting
 + Level 7.8 Long Blades
 + Level 8.1 Armour
 - Level 2.6 Shields


You had 5 spell levels left.
You didn't know any spells.
Your spell library was empty.

Dungeon Overview and Level Annotations

Branches:
Dungeon (1/1)

Altars:
Cheibriados
Dithmenos
Fedhas
Gozag
Hepliaklqana
Kikubaaqudgha
Makhleb
Nemelex Xobeh
Okawaru
Qazlal
Ru
Sif Muna
Trog
Uskayaw
Vehumet
Wu Jian
Xom
Yredelemnul
Jiyva
Lugonu


Innate Abilities, Weirdness & Mutations

You have sharp fingernails.


Message History

The orc wizard mumbles some strange words.
The orc wizard flickers and vanishes!
Deactivating autopickup; reactivate with Ctrl-A.
You slash the yak!
The yak is heavily wounded.
The yak gores you!
You barely miss the yak.
The yak is heavily wounded.
You block the yak's attack.
You slash the yak!
The yak is severely wounded.
You block the yak's attack.
You hit the yak.
The yak is severely wounded.
The yak gores you.
Unknown command.
You slash the yak!
You kill the yak!
Makhleb accepts your kill.
Your Fighting skill increases to level 8!
Your Long Blades skill increases to level 7!
Your Armour skill increases to level 8!
You slash the troll!
The troll is moderately wounded.
The troll bites you but does no damage. You block the troll's attack.
The troll claws you.
You slash the troll!
The troll is heavily wounded.
The troll bites you. The troll claws you. x2
Unknown command.
You slash the troll!
The troll is almost dead.
The troll bites you.
* * * LOW HITPOINT WARNING * * *
The troll closely misses you. The troll claws you.
* * * LOW HITPOINT WARNING * * *
You hit the troll.
The troll is almost dead.
The troll bites you!
You die... ▓▓▓▓▓▓▓▓▓▓▓▓▓▓▓▓▓▓▓▓▓▓▓▓ _______'..)..[..@TYoK... ▓▓▓▓▓▓▓▓▓▓▓▓▓▓▓▓▓▓▓▓▓▓▓▓

You could see a yak, a troll, an orc warrior and a kobold brigand.

Vanquished Creatures
  A yak (D)
  An ogre (D)
  2 scorpions (D)
  2 hounds (D)
  A bat (D)
  An endoplasm (D)
  A kobold (D)
  A quokka (D)
  A rat (D)
11 creatures vanquished.

Notes
Turn   | Place    | Note
-------+----------+-------------------------------------------
     0 | D        | 112233 the Demonspawn Fighter began the quest for the Orb.
     0 | D        | Reached XP level 1. HP: 18/18 MP: 1/1
   226 | D        | Noticed a scorpion
   226 | D        | Noticed a hound
   226 | D        | Noticed a scorpion
   226 | D        | Noticed a hound
   226 | D        | Noticed an ogre
   232 | D        | Killed a scorpion
   233 | D        | Reached skill level 5 in Fighting
   233 | D        | Gained mutation: You have sharp fingernails. [demonic
                  | ancestry]
   233 | D        | Reached XP level 2. HP: 27/27 MP: 2/2
   233 | D        | Reached XP level 3. HP: 33/33 MP: 3/3
   236 | D        | Reached skill level 5 in Armour
   236 | D        | Reached XP level 4. HP: 40/40 MP: 4/4
   238 | D        | Killed a scorpion
   239 | D        | Reached skill level 5 in Long Blades
   239 | D        | Reached XP level 5. HP: 47/47 MP: 5/5
   241 | D        | Killed an ogre
   242 | D        | Reached XP level 6. HP: 56/56 MP: 6/6
   278 | D        | Found a snail-covered altar of Cheibriados.
   278 | D        | Found a shadowy altar of Dithmenos.
   278 | D        | Found a blossoming altar of Fedhas.
   278 | D        | Found an opulent altar of Gozag.
   279 | D        | Found a hazy altar of Hepliaklqana.
   280 | D        | Found a viscous altar of Jiyva.
   281 | D        | Found an ancient bone altar of Kikubaaqudgha.
   282 | D        | Found a corrupted altar of Lugonu.
   283 | D        | Found a burning altar of Makhleb.
   284 | D        | Found a sparkling altar of Nemelex Xobeh.
   285 | D        | Found an iron altar of Okawaru.
   286 | D        | Found a stormy altar of Qazlal.
   287 | D        | Found a sacrificial altar of Ru.
   288 | D        | Found a shimmering blue altar of Sif Muna.
   289 | D        | Found a bloodstained altar of Trog.
   290 | D        | Found a hide-covered altar of Uskayaw.
   291 | D        | Found a radiant altar of Vehumet.
   292 | D        | Found an ornate altar of the Wu Jian Council.
   293 | D        | Found a shimmering altar of Xom.
   294 | D        | Found a basalt altar of Yredelemnul.
   317 | D        | Became a worshipper of Makhleb the Destroyer
   368 | D        | Noticed a yak
   368 | D        | Noticed a troll
   368 | D        | Noticed a yak
   368 | D        | Noticed an orc warrior
   379 | D        | Killed a yak
   383 | D        | Slain by a troll

Illustrated notes

Levels and vault maps discovered:
D:        linesprint [early_d, line_temple, items_1, d_10, items_2, lair_1,
          lair_end, items_3, orc_1, orc_end, items_4, d_15, swamp_1, shoals_1,
          snake_1, spider_1, d_20, vaults_1, items_5, swamp_end, shoals_end,
          snake_end, spider_end, vaults_end, d_27, items_6, zot_1, zot_end,
          crypt_end, forest_end, elf_end, slime_end, tomb_end, abyss_end,
          pan_hell_end]

Skill      XL: |  1  2  3  4  5  6 |
---------------+-------------------+-----
Long Blades    | 4 5 6 7 |  7.8
Armour         | 4 5 6 7 8 |  8.1
Fighting       | 5 6 7 8 |  8.9
Shields        | |  2.6

Action                   |  1- 3 |  4- 6 || total
-------------------------+-------+-------++-------
Melee: Long sword        |    27 |    20 ||    47
  Use: Potion            |     1 |     1 ||     2
Armor: Scale mail        |    11 |     4 ||    15
Dodge: Dodged            |    11 |     6 ||    17
Block: Buckler           |     4 |     4 ||     8
